 Dungeon Crawl Stone Soup version 0.28-a0-973-ga7f8b01127 (webtiles) character file.

Game seed: 2078599550823309464

11 ytrimaz the Shield-Bearer (level 2, -2/24 HPs)
             Began as a Formicid Fighter on Dec 1, 2021.
             Slain by a hobgoblin (4 damage)
             ... on level 1 of the Dungeon.
             The game lasted 00:00:20 (185 turns).

ytrimaz the Shield-Bearer (Formicid Fighter)         Turns: 185, Time: 00:00:20

Health: -2/24      AC:  6    Str: 20    XL:     2   Next: 40%
Magic:  2/2        EV:  9    Int:  7    God:
Gold:   7          SH:  4    Dex: 10    Spells: 1/1 levels left

rFire   . . .      SeeInvis +   a - +0 war axe
rCold   . . .      Faith    .   c - +0 buckler
rNeg    . . .      Spirit   .   b - +0 scale mail
rPois   .          Reflect  .   (helmet unavailable)
rElec   .          Harm     .   (no cloak)
rCorr   .          Rampage  .   (no gloves)
Will    .....                   (no boots)
Stlth   ..........              (no amulet)
HPRegen 0.08/turn               (no ring)
MPRegen 0.08/turn               (no ring)

@: no status effects
A: permanent stasis, dig shafts and tunnels, antennae 3, four strong arms
a: Dig, Shaft Self


You were on level 1 of the Dungeon.
You visited 1 branch of the dungeon, and saw 1 of its levels.

You collected 7 gold pieces.

Inventory:

Hand Weapons
 a - a +0 war axe (weapon)
Armour
 b - a +0 scale mail (worn)
 c - a +0 buckler (worn)
Scrolls
 e - a scroll of enchant weapon {unknown}
Potions
 d - a potion of might


   Skills:
 * Level 3.5 Fighting
 + Level 2.0 Axes
 * Level 3.5 Armour
 * Level 3.8 Shields


You had one spell level left.
You didn't know any spells.
Your spell library contained the following spells:

 Spells                   Type           Power      Damage    Failure   Level
 Animate Skeleton         Necr           0%         N/A       78%         1


Dungeon Overview and Level Annotations

Branches:
Dungeon (1/15)

Altars:


Innate Abilities, Weirdness & Mutations

You cannot be hasted, slowed, berserked, paralysed or teleported.
You can dig through walls and to a lower floor.
You have a pair of large antennae on your head. (SInv)
Your four strong arms can wield two-handed weapons with a shield.


Message History

a +0 whip; 2 stones; a dart slug corpse You block the bat's attack.
The bat hits you but does no damage.
A bat is nearby!
The bat completely misses you. You block the bat's attack.
You hit the bat.
You kill the bat!
You start resting.
A hobgoblin is nearby!
A hobgoblin is nearby!
A hobgoblin is nearby!
A hobgoblin is nearby!
A hobgoblin is nearby!
A hobgoblin is nearby!
The hobgoblin shouts!
Things that are here:
a +0 whip; 2 stones; a dart slug corpse
Things that are here:
a rat corpse; a giant cockroach corpse You hit the hobgoblin.
The hobgoblin is severely wounded.
The hobgoblin hits you with a +0 short sword!
* * * LOW HITPOINT WARNING * * *
You are too injured to fight recklessly!
You are too injured to fight recklessly!
You closely miss the hobgoblin.
The hobgoblin is heavily wounded.
You block the hobgoblin's attack.
You barely miss the hobgoblin.
The hobgoblin is heavily wounded.
The hobgoblin misses you.
The hobgoblin hits you but does no damage.
You hit the hobgoblin.
The hobgoblin is almost dead.
The hobgoblin closely misses you.
You closely miss the hobgoblin.
The hobgoblin is almost dead.
The hobgoblin hits you with a +0 short sword.
* * * LOW HITPOINT WARNING * * *
The hobgoblin hits you with a +0 short sword.
You die... g

#..# #....#
)#...##....#
..........####
#........#...
##............
#............. ..#
##.........
#....#####....###..
#....g@).##.#
###########.#
#########.#
#.........#
#.######### #.# #.#
#.# ##### .. #.#
#...#####....


You could see a hobgoblin.

Vanquished Creatures
  A dart slug (D:1)
  A bat (D:1)
  An endoplasm (D:1)
  A giant cockroach (D:1)
  A hobgoblin (D:1)
  A quokka (D:1)
  2 kobolds (D:1)
  A rat (D:1)
9 creatures vanquished.

Notes
Turn   | Place    | Note
-------+----------+-------------------------------------------
     0 | D:1      | ytrimaz the Formicid Fighter began the quest for the Orb.
     0 | D:1      | Reached XP level 1. HP: 18/18 MP: 1/1
    11 | D:1      | Found a faded altar of an unknown god.
    18 | D:1      | Got Plato's Volume of Black Rituals
   140 | D:1      | Reached XP level 2. HP: 12/24 MP: 2/2
   185 | D:1      | Slain by a hobgoblin

Illustrated notes

Levels and vault maps discovered:
D:1:      dpeg_arrival_orchard, layout_basic,
          shapermc_ecumenical_altar_rom_forum, minmay_pentomino_w4

Action                   || total
-------------------------++-------
Melee: War axe           ||    26
Armor: Scale mail        ||    11
Dodge: Dodged            ||    13
Block: Buckler           ||     7

Table legend: (Time is in decaauts)
 A = Elapsed time spent in this place.
 B = Non-inter-level travel time spent in this place.
 C = Inter-level travel time spent in this place.
 D = Time resting spent in this place.
 E = Time spent auto-exploring this place.
 F = Levels seen in this place.
 G = Mean time per level.
                   A        B        C        D        E       F      G
               +--------+--------+--------+--------+--------+-----+--------+
         Total |    195 |    195 |      0 |      6 |    132 |   1 |  195.0 |
       Dungeon |    195 |    195 |      0 |      6 |    132 |   1 |  195.0 |
               +--------+--------+--------+--------+--------+-----+--------+

Top non-repeatable levels by time:
     D:1: 195 daAuts
